 Dungeon Crawl Stone Soup version 0.15.2 (webtiles) character file.

7 MisterOstroum the Insei (level 1, 0/18 HPs)
             Began as a Mummy Monk on Dec 22, 2019.
             Slain by a rat (3 damage)
             ... on Level 1 of the Dungeon.
             The game lasted 00:01:40 (269 turns).

MisterOstroum the Insei (Mummy Monk)                 Turns: 269, Time: 00:01:41

HP   0/18        AC  0     Str 14      XL: 1   Next: 83%
MP   1/1         EV 13     Int  9      God:
Gold 0           SH  0     Dex 14      Spells:  0 memorised,  0 levels left

rFire  x . .     SeeInvis .       - Unarmed
rCold  + . .     Clarity  .     (no armour)
rNeg   + + +     rCorr    .     (no shield)
rPois  +         rRot     +     (no helmet)
rElec  .         Spirit   .     (no cloak)
SustAb .         Warding  .     (no gloves)
rMut   .         Stasis   .     (no boots)
Gourm  .                        (no amulet)
MR     .....                    (no ring)
                                (no ring)

@: not resistant to hostile enchantments, unstealthy
A: no food or potions, fire vulnerability, restore body, cold resistance 1,
negative energy resistance 3, poison resistance, torment resistance, unbreathing
a: no special abilities


You were on level 1 of the Dungeon.
You were not hungry.

You visited 1 branch of the dungeon, and saw 1 of its levels.

Inventory:

Armour
 a - a +0 robe
 b - a +2 buckler


   Skills:
 - Level 3.0 Fighting
 - Level 2.4 Dodging
 - Level 1.5 Stealth
 + Level 3.6 Unarmed Combat


You couldn't memorise any spells.
You didn't know any spells.

Dungeon Overview and Level Annotations

Branches:
Dungeon (1/15)

Altars:


Innate Abilities, Weirdness & Mutations

You do not eat or drink.
Your flesh is vulnerable to fire.
Your flesh is cold resistant.
You are immune to negative energy.
Your system is resistant to poisons.
You are immune to unholy pain and torment.
You can survive without breathing.


Message History

You see here a +0 robe.
a - a +0 robe Quiver which item? (- for none, * to show all) (? for menu, Esc to quit)
Reset throwing quiver to default.
Found a meat ration.
Found a meat ration.
A bat comes into view.
A bat is nearby!
You barely miss the bat. The bat barely misses you. The bat closely misses you.
You closely miss the bat. The bat barely misses you.
The bat completely misses you.
You barely miss the bat. You punch the bat.
The bat is moderately wounded.
The bat misses you. x2
You hit the bat.
You kill the bat!
No target in view!
You spend a moment contemplating the meaning of unlife.
You see here a bat corpse.
A rat comes into view.
The helpless rat fails to defend itself.
You hit the rat.
You kill the rat!
No target in view!
You see here a rat corpse.
You see here a meat ration.
Found a stone staircase leading down.
A hobgoblin comes into view. It is wielding a club.
The hobgoblin shouts!
A hobgoblin is nearby!
There is a stone staircase leading down here.
You barely miss the hobgoblin.
The hobgoblin hits you but does no damage.
You hit the hobgoblin but do no damage. You closely miss the hobgoblin.
The hobgoblin hits you with a club.
You closely miss the hobgoblin. The hobgoblin hits you with a club.
You hit the hobgoblin.
The hobgoblin is heavily wounded.
The hobgoblin closely misses you.
You hit the hobgoblin.
You kill the hobgoblin!
No target in view!
You see here a club.
b - a runed buckler A rat comes into view.
You start resting.
HP restored.
The rat is too close now for your liking.
The helpless rat fails to defend itself.
You hit the rat.
You kill the rat!
No target in view!
No target in view!
As you open the door, it creaks loudly!
A kobold comes into view. It is wielding a whip.
The kobold shouts!
A kobold is nearby!
Unknown command.
A goblin comes into view.
There is an open door here.
You closely miss the goblin. Your punch misses the goblin.
The goblin closely misses you.
You closely miss the goblin. The goblin hits you.
You barely miss the goblin. The goblin hits you.
You are too injured to fight recklessly!
You are too injured to fight recklessly!
You closely miss the goblin. The goblin hits you.
A goblin comes into view. It is wielding a dagger.
You hit the goblin.
You kill the goblin!
You hit the kobold.
You kill the kobold!
There is an open door here.
You close the door.
A goblin opens the door.
There is an open door here.
You close the door.
You start resting.
A goblin opens the door.
It is wielding a dagger.
You close the door.
A goblin opens the door.
You close the door.
A goblin opens the door.
As you close the door, it creaks loudly!
A goblin opens the door.
You close the door.
A goblin opens the door.
You close the door.
A goblin opens the door.
You close the door.
A goblin opens the door.
As you close the door, it creaks loudly!
A goblin opens the door.
You close the door.
A goblin opens the door.
A rat comes into view.
You close the door.
The rat bites you.
A goblin opens the door.
You close the door.
The rat closely misses you.
A goblin opens the door.
You close the door.
The rat bites you.
* * * LOW HITPOINT WARNING * * *
A goblin opens the door.
You close the door.
The rat bites you.
* * * LOW HITPOINT WARNING * * *
A goblin opens the door.
You closely miss the rat. The rat bites you.
You die...

.. #..# .....
......# #......
#...... #.....r##
#.@# ###'###
#..g..# #.....#
#.....###
####....########.
#.............
#..##.######.#
#..##.#....#.# .


You could see a goblin and a rat.

Vanquished Creatures
  A bat (D:1)
  A hobgoblin (D:1)
  A kobold (D:1)
  A goblin (D:1)
  3 rats (D:1)
7 creatures vanquished.

Notes
Turn   | Place    | Note
--------------------------------------------------------------
     0 | D:1      | MisterOstroum, the Mummy Monk, began the quest for the Orb.
     0 | D:1      | Reached XP level 1. HP: 18/18 MP: 1/1
   269 | D:1      | Slain by a rat

Action                   || total
-------------------------++-------
Melee: Unarmed           ||    20
 Stab: Sleeping          ||     2
